 Dungeon Crawl Stone Soup version 0.20.0-15-g7f486f2 (webtiles) character file.

560 theElss the Conjurer (level 7, -2/36 HPs)
             Began as a Deep Elf Conjurer on July 1, 2017.
             Slain by Edmund
             ... wielding a +2 dire flail of holy wrath
              (7 damage)
             ... on level 5 of the Dungeon.
             The game lasted 00:21:14 (4953 turns).

theElss the Conjurer (Deep Elf Conjurer)            Turns: 4953, Time: 00:21:15

Health: -2/36      AC:  6    Str: 10    XL:     7   Next: 9%
Magic:  6/18       EV: 13    Int: 22    God:
Gold:   223        SH:  0    Dex: 15    Spells: 8/19 levels left

rFire    . . .     SeeInvis +   h - +0 short sword
rCold    . . .     Gourm    .   (no shield)
rNeg     . . .     Faith    .   a - +0 robe
rPois    .         Spirit   .   z - +0 helmet
rElec    .         Reflect  .   (no cloak)
rCorr    .         Harm     .   (no gloves)
MR       .....                  r - +2 pair of boots
Stlth    +++.......             (no amulet)
Regen    0.2/turn               p - ring of see invisible
MPRegen  0.2/turn               (no ring)

@: mighty, flying
A: no striking features
a: no special abilities


You were on level 5 of the Dungeon.
You were not hungry.

You visited 1 branch of the dungeon, and saw 5 of its levels.

You collected 223 gold pieces.

Inventory:

Hand Weapons
 h - a +0 short sword (weapon)
 t - a +2 vampiric whip
Armour
 a - a +0 robe (worn)
 r - a +2 pair of boots (worn)
 z - a +0 helmet (worn)
Jewellery
 p - a ring of see invisible (left hand)
Wands
 n - a wand of confusion (17/48)
 y - a wand of digging (7/24)
 G - a wand of clouds (2/9)
Scrolls
 e - 4 scrolls of identify {unknown}
 f - a scroll of noise {unknown}
 k - 3 scrolls of immolation {unknown}
 l - a scroll of random uselessness {unknown}
 m - 3 scrolls of remove curse {unknown}
 o - a scroll of enchant armour {unknown}
 u - 2 scrolls of teleportation {unknown}
 w - a scroll of enchant weapon {unknown}
 E - a scroll of fog {unknown}
Potions
 g - a potion of ambrosia
 i - a potion of might
 q - a potion of flight
 s - 2 potions of degeneration {unknown}
 v - 2 potions of heal wounds {unknown}
 x - a potion of magic {unknown}
 A - 2 potions of mutation {unknown}
 C - a potion of curing {unknown}
 D - a potion of invisibility {unknown}
 F - a potion of cancellation {unknown}
Books
 b - a book of Conjurations

   Spells                             Type                      Level
   a - Magic Dart                     Conjuration                  1
   b - Searing Ray                    Conjuration                  2
   c - Dazzling Spray                 Conjuration/Hexes            3
   d - Fulminant Prism                Conjuration/Hexes            4
   e - Force Lance                    Conjuration/Translocation    4
   f - Iskenderun's Mystic Blast      Conjuration                  4
Comestibles
 c - 6 bread rations
 j - 2 meat rations


   Skills:
 + Level 3.2 Dodging
 + Level 4.2 Stealth
 + Level 6.6 Spellcasting
 + Level 7.1 Conjurations


You had 8 spell levels left.
You knew the following spells:

 Your Spells              Type           Power        Failure   Level  Hunger
a - Magic Dart            Conj           ####         1%          1    None
b - Force Lance           Conj/Tloc      ###.....     19%         4    ###....
c - Searing Ray           Conj           #####.       1%          2    None
d - Iskenderun's Mystic   Conj           #####...     4%          4    ###....


Dungeon Overview and Level Annotations

Branches:
Dungeon (5/15)
 Temple: D:4-7

Altars:
Elyvilon
Kikubaaqudgha
Nemelex Xobeh
Qazlal
The Shining One

Annotations:
D:5 Edmund


Message History

Aiming: Iskenderun's Mystic Blast
Press: ? - help, Shift-Dir - straight line, f/p - shadow imp
Aim: a shadow imp (severely wounded)
The orb of energy hits the shadow imp.
You kill the shadow imp!
The orb of energy explodes!
The mystic blast hits Edmund.
Edmund is moderately wounded.
Edmund hits you with a dire flail of holy wrath.
* * * LOW HITPOINT WARNING * * *
Unknown command.
Casting: Iskenderun's Mystic Blast
Confirm with . or Enter, or press ? or * to list all spells.
Aiming: Iskenderun's Mystic Blast
Press: ? - help, Shift-Dir - straight line, f - Edmund
Aim: Edmund, wielding a dire flail of holy wrath and wearing a runed scale mail (moderately wounded)
The orb of energy hits Edmund.
Edmund is heavily wounded.
The orb of energy explodes!
Edmund hits you with a dire flail of holy wrath!
You die...

#................##
#... #..............##
#... ##..#####......#
#... #..# ##.....#
##.. #..# #.....##
#... #..#
##......####..# #..#
##.........#..##
##.####.....###.....#
#####..@@......#
####...#
.##..............#
#....
...............<##
#....
#####..>........##
#.##. #........#...#
#.# # #......###...#
#.. ..###.....## ##..#
.. ..........#
##..####
...........####......#


You could see Edmund.

Vanquished Creatures
  An ogre (D:4)
  A phantom (D:5)
  The ghost of meatball the Skirmisher, a weakling DsAK of Lugonu (D:3)
  2 orc priests
  A hound (D:4)
  An orc wizard (D:4)
  An iguana (D:5)
  2 worker ants
  A hound skeleton (D:5)
  Robin (D:4)
  2 gnolls
  An adder (D:3)
  A shadow imp (D:5)
  2 oozes (D:3)
  A worm (D:3)
  3 dart slugs
  A leopard gecko (D:1)
  5 orcs
  A ball python (D:2)
  5 bats
  3 giant cockroaches
  15 goblins
  7 hobgoblins
  9 jackals
  5 kobolds
  5 frilled lizards
  10 rats
88 creatures vanquished.

Notes
Turn   | Place    | Note
-------+----------+-------------------------------------------
     0 | D:1      | theElss the Deep Elf Conjurer began the quest for the Orb.
     0 | D:1      | Reached XP level 1. HP: 10/10 MP: 6/6
   265 | D:1      | Reached XP level 2. HP: 7/15 MP: 1/8
   584 | D:1      | Reached skill level 5 in Conjurations
   702 | D:1      | Found a sparkling altar of Nemelex Xobeh.
   995 | D:1      | Reached XP level 3. HP: 19/19 MP: 3/9
   999 | D:1      | Learned a level 2 spell: Searing Ray
  1972 | D:3      | Noticed meatball's ghost (weakling DsAK)
  1983 | D:3      | Killed meatball's ghost
  1983 | D:3      | Reached skill level 6 in Conjurations
  1983 | D:3      | Reached XP level 4. HP: 24/24 MP: 2/11
  2186 | D:2      | Found a white marble altar of Elyvilon.
  2186 | D:2      | Found a sparkling altar of Nemelex Xobeh.
  2242 | D:3      | Found an ancient bone altar of Kikubaaqudgha.
  2438 | D:3      | Reached XP level 5. HP: 28/28 MP: 6/13
  2657 | D:3      | Found a stormy altar of Qazlal.
  2660 | D:3      | Noticed an air elemental
  2660 | D:3      | Noticed a fire elemental
  2660 | D:3      | Noticed a water elemental
  2914 | D:4      | Noticed Robin
  3022 | D:4      | Killed Robin
  3480 | D:4      | Noticed an ogre
  3524 | D:4      | Learned a level 4 spell: Iskenderun's Mystic Blast
  3529 | D:4      | Learned a level 4 spell: Force Lance
  3558 | D:4      | Reached skill level 5 in Spellcasting
  3558 | D:4      | Reached XP level 6. HP: 32/32 MP: 5/15
  4005 | D:5      | Entered Level 5 of the Dungeon
  4106 | D:5      | Reached skill level 7 in Conjurations
  4225 | D:4      | Found a glowing golden altar of the Shining One.
  4383 | D:5      | Reached XP level 7. HP: 36/36 MP: 5/18
  4485 | D:5      | Noticed Edmund
  4944 | D:5      | HP: 1/36 [shadow imp/nerve-wracking pain (8)]
  4953 | D:5      | Slain by Edmund

Skill      XL: |  1  2  3  4  5  6 |
---------------+-------------------+-----
Conjurations   | 5 6 7 |  7.1
Spellcasting   | 4 5 6 |  6.6
Stealth        | 3 4 |  4.2
Dodging        | 3 |  3.2

Action                   |  1- 3 |  4- 6 |  7- 9 || total
-------------------------+-------+-------+-------++-------
Melee: Short sword       |     1 |       |     1 ||     2
 Cast: Magic Dart        |    57 |    70 |     2 ||   129
       Searing Ray       |     5 |    12 |       ||    17
       Iskenderun's Myst |       |     4 |     9 ||    13
       Force Lance       |       |       |     7 ||     7
  Use: Potion            |       |       |     3 ||     3
  Eat: Chunk             |     3 |     8 |       ||    11
       Meat ration       |       |       |     1 ||     1
       Fruit             |       |       |     1 ||     1
Armor: Robe              |     1 |     2 |     4 ||     7
Dodge: Dodged            |    14 |    19 |    13 ||    46
